 Dungeon Crawl Stone Soup version 0.17.0-23-g0de4337 (console) character file.

1846 Kloppie the Fighter (level 9, -1/59 HPs)
             Began as a Gargoyle Fighter on Nov 14, 2015.
             Was an Initiate of Okawaru.
             Slain by an ogre
             ... wielding a +0 giant club
              (19 damage)
             ... on level 6 of the Dungeon.
             The game lasted 00:12:23 (4324 turns).

Kloppie the Fighter (Gargoyle Fighter)              Turns: 4324, Time: 00:12:23

Health: -1/59      AC: 15    Str: 19    XL:     9   Next: 12%
Magic:  9/9        EV:  7    Int: 13    God:    Okawaru [......]
Gold:   41         SH:  9    Dex:  9    Spells: 0 memorised, 8 levels left

rFire  . . .     SeeInvis .     d - +0 whip (elec)
rCold  + . .     Clarity  .     b - +0 scale mail
rNeg   + . .     SustAt   .     c - +0 shield
rPois  ∞         Gourm    .     v - +0 helmet
rElec  +         Spirit   .     (no cloak)
rCorr  .         Warding  .     (no gloves)
rMut   .         Stasis   .     (no boots)
MR     .....                    (no amulet)
Stlth  ..........               E - ring of protection from cold
                                (no ring)

@: not resistant to hostile enchantments, extremely unstealthy
A: negative energy resistance 1, electricity resistance, unbreathing,
petrification resistance, rot immunity, AC +5
a: Renounce Religion


You were on level 6 of the Dungeon.
You worshipped Okawaru.
Okawaru was noncommittal.
You were not hungry.

You visited 2 branches of the dungeon, and saw 7 of its levels.

You collected 183 gold pieces.
You spent 142 gold pieces at shops.

Inventory:

Hand Weapons
 a - a +0 flail
 d - a +0 whip of electrocution (weapon)
Missiles
 h - 3 curare-tipped needles
 u - 4 needles of frenzy
Armour
 b - a +0 scale mail (worn)
 c - a +0 shield (worn)
 k - a +0 chain mail
 v - a +0 helmet (worn)
Jewellery
 l - the ring "Felokasm" {*Confuse rElec MR+ Int+4 Dex+3, unknown}
   (You found it on level 5 of the Dungeon)

   [ring of protection from magic]

   It affects your intelligence (+4).
   It affects your dexterity (+3).
   It insulates you from electricity.
   It affects your resistance to hostile enchantments.
   It may confuse you when you take damage.
 E - a ring of protection from cold (right hand)
Wands
 g - a wand of frost (20)
 N - a wand of frost (27)
Scrolls
 s - 5 scrolls of remove curse
 w - 4 scrolls of teleportation {unknown}
 y - a scroll of fog
 A - a scroll of random uselessness {unknown}
 B - a scroll of enchant weapon {unknown}
 G - 2 scrolls of amnesia {unknown}
 H - a scroll of blinking {unknown}
 J - a scroll of noise {unknown}
 K - 2 scrolls of enchant armour {unknown}
Potions
 f - a potion of haste
 i - a potion of cure mutation
 j - 5 potions of flight
 m - 4 potions of curing
 o - a potion of heal wounds
 q - 3 potions of ambrosia
 t - a potion of agility
 x - 2 potions of mutation
 z - a potion of invisibility {unknown}
 C - a potion of resistance {unknown}
 F - a potion of brilliance {unknown}
 L - a potion of poison {unknown}
 M - a potion of degeneration {unknown}
Comestibles
 e - 5 bread rations
 n - 7 chunks of flesh
 p - 3 beef jerkies
 r - 3 meat rations
 D - 5 fruits
 I - a slice of pizza


   Skills:
 + Level 8.1 Fighting
 + Level 7.0 Maces & Flails
 + Level 7.8 Armour
 - Level 3.2 Shields


You had 8 spell levels left.
You didn't know any spells.

Dungeon Overview and Level Annotations

Branches:
Dungeon (6/15)             Temple (1/1) D:5

Altars:
Ashenzari
Cheibriados
Dithmenos
Elyvilon
Gozag
Kikubaaqudgha
Makhleb
Okawaru
Qazlal
Ru
Trog
Xom
Zin

Shops:
D:4 *


Innate Abilities, Weirdness & Mutations

You are resistant to torment.
Your stone body is resilient (AC +5).
You are immune to poison.
You resist negative energy.
You are resistant to electric shocks.
You can survive without breathing.
You are immune to petrification.
You are immune to rotting.


Message History

Okawaru accepts your kill.
Your Maces & Flails skill increases to level 7!
The ogre hits you with a giant club!
You hit the ogre.
The ogre is lightly wounded.
You hit the ogre.
The ogre is moderately wounded.
You block the ogre's attack.
You hit the ogre.
The ogre is moderately wounded.
You hit the ogre but do no damage.
The ogre is moderately wounded.
The ogre hits you with a giant club!
* * * LOW HITPOINT WARNING * * *
You are too injured to fight recklessly!
You are too injured to fight recklessly!
You hit the ogre.
The ogre is heavily wounded.
The ogre hits you with a giant club!!
You die...

#.# #.# #.# #.# .#
#.# #####.# #.#
#.....# #.#####.#
##.##### #........
##...#######
..####.#
#..#........ #...
#....#####... .
#..###
#†#..@O......
....# #
#.######..........
#. ........# # #.
#...#..### #!
...#.#... ..
#..... #. #.##..
#.#... #.....


You could see an ogre.

Vanquished Creatures
  Pikel (D:4)
  Eustachio (D:4)
  An ice beast (D:5)
  2 ogres (D:4)
  2 centaurs
  A giant frog (D:6)
  2 scorpions
  4 crimson imps
  An iguana (D:4)
  An orc priest (D:3)
  A quasit (D:3)
  Ijyb (D:2)
  A giant frog skeleton (D:5)
  A jelly (D:5)
  2 orc wizards (D:5)
  A hound (D:5)
  4 worker ants (D:5)
  Natasha (thrice) (D:4 D:5)
  5 adders
  A shadow imp (D:5)
  An adder skeleton (D:5)
  A worm (D:2)
  3 giant geckos
  17 orcs
  5 giant cockroaches
  5 hobgoblins
  3 jackals (D:6)
  A ball python (D:1)
  5 bats
  3 giant newts
  7 goblins
  3 kobolds
  A quokka (D:5)
  2 rats
93 creatures vanquished.

Vanquished Creatures (others)
  An iguana (D:4)
  3 orcs (D:4)
4 creatures vanquished.

Grand Total: 97 creatures vanquished

Notes
Turn   | Place    | Note
--------------------------------------------------------------
     0 | D:1      | Kloppie the Gargoyle Fighter began the quest for the Orb.
     0 | D:1      | Reached XP level 1. HP: 14/14 MP: 1/1
   297 | D:1      | Reached XP level 2. HP: 19/19 MP: 2/2
   902 | D:2      | Reached XP level 3. HP: 23/23 MP: 3/3
   928 | D:2      | Noticed Ijyb
   960 | D:2      | Killed Ijyb
   971 | D:2      | Reached skill level 4 in Fighting
   971 | D:2      | Reached XP level 4. HP: 24/29 MP: 4/4
  1639 | D:3      | Reached XP level 5. HP: 23/34 MP: 5/5
  1800 | D:3      | Found a white marble altar of Elyvilon.
  2060 | D:4      | Noticed a slave
  2061 | D:4      | Noticed Pikel
  2063 | D:4      | Noticed Natasha
  2064 | D:4      | Noticed a slave
  2066 | D:4      | Noticed a slave
  2071 | D:4      | Killed Natasha
  2077 | D:4      | Noticed a slave
  2093 | D:4      | Killed Pikel
  2093 | D:4      | Reached skill level 6 in Fighting
  2093 | D:4      | Reached skill level 5 in Maces & Flails
  2093 | D:4      | Reached skill level 5 in Armour
  2093 | D:4      | Reached XP level 6. HP: 17/41 MP: 6/6
  2093 | D:4      | Reached XP level 7. HP: 19/46 MP: 7/7
  2138 | D:4      | Noticed Eustachio
  2218 | D:4      | Killed Eustachio
  2545 | D:4      | Reached XP level 8. HP: 50/52 MP: 8/8
  2630 | D:4      | Found Ypsuli's Assorted Antiques.
  2632 | D:4      | Noticed Natasha
  2633 | D:4      | Noticed an ogre
  2640 | D:4      | Killed an ogre
  2643 | D:4      | Killed Natasha
  3146 | D:4      | Bought a scroll labeled QONAKU OC WAROQEOH for 29 gold pieces
  3146 | D:4      | Bought a scroll labeled ISUAST CEYSSIG for 29 gold pieces
  3146 | D:4      | Bought a scroll labeled YNAFIAHYOG for 29 gold pieces
  3146 | D:4      | Bought a scroll labeled GILUM ODGHA for 29 gold pieces
  3146 | D:4      | Bought a murky amethyst potion for 26 gold pieces
  3204 | D:5      | Entered Level 5 of the Dungeon
  3252 | D:5      | Reached skill level 7 in Fighting
  3265 | D:5      | Found a shattered altar of Ashenzari.
  3649 | D:5      | Got a slimy wooden ring
  3836 | D:5      | Noticed Natasha
  3853 | D:5      | Killed Natasha
  3893 | D:5      | Found a staircase to the Ecumenical Temple.
  4103 | Temple   | Entered the Ecumenical Temple
  4107 | Temple   | Became a worshipper of Warmaster Okawaru
  4172 | D:6      | Reached XP level 9. HP: 57/59 MP: 9/9
  4250 | D:6      | Reached skill level 8 in Fighting
  4324 | D:6      | Slain by an ogre

Action                   |  1- 3 |  4- 6 |  7- 9 || total
-------------------------+-------+-------+-------++-------
Melee: Flail             |    78 |   115 |       ||   193
       Whip              |       |       |   306 ||   306
  Use: Potion            |       |     1 |       ||     1
       Scroll            |       |       |    11 ||    11
  Eat: Chunk             |       |     4 |     8 ||    12
